PL
PORTLAND EVERGREENS @ NEW ORLEANS VOODOO
06/23/2041
 
TOP OF THE 1ST
Portland Evergreens batting - Pitching for New Orleans Voodoo : RHP Sjoerd Reynoud
Pitching: RHP Sjoerd Reynoud
Batting: LHB John Ennis 0-0: Ball
1-0: Ball
2-0: Ball
3-0: Called Strike
3-1: Called Strike
3-2: DOUBLE (Line Drive, 9LM, EV 101.9 MPH)
Batting: LHB Fernando Soto 0-0: Ground out 5-3 (Groundball, 56, EV 104.4 MPH)
Batting: RHB Kameron Guangorena 0-0: Ball
1-0: Called Strike
1-1: Fly out, F7 (Line Drive, 7D, EV 90.6 MPH)
Runner from 2nd tags up, SAFE at 3rd with throw by LF
Batting: SHB Tetsu Matsumoto 0-0: Called Strike
0-1: Swinging Strike
0-2: Ball
1-2: Fly out, F8 (Flyball, 8RS, EV 78.1 MPH)
Top of the 1st over - 0 runs, 1 hit, 0 errors, 1 left on base; Portland 0 - New Orleans 0
BOTTOM OF THE 1ST
New Orleans Voodoo batting - Pitching for Portland Evergreens : RHP Cristián Moreno
Pitching: RHP Cristián Moreno
Batting: RHB Júlio Sahagún 0-0: Ball
1-0: Called Strike
1-1: Foul Ball, location: 2F
1-2: Strikes out swinging
Batting: LHB Jonathan Gunner 0-0: Called Strike
0-1: Fly out, F9 (Flyball, 89S, EV 78.8 MPH)
Batting: RHB Colm Goodwill 0-0: Ball
1-0: Ground out 5-3 (Groundball, 56, EV 108.1 MPH)
Bottom of the 1st over - 0 runs, 0 hits, 0 errors, 0 left on base; Portland 0 - New Orleans 0
TOP OF THE 2ND
Portland Evergreens batting - Pitching for New Orleans Voodoo : RHP Sjoerd Reynoud
Batting: RHB An-te-hai Qing 0-0: Ball
1-0: Ball
2-0: Foul Ball, location: 2F
2-1: Foul Ball, location: 2F
2-2: Ball
3-2: Foul Ball, location: 2F
3-2: TRIPLE (Flyball, 78XD, EV 91.2 MPH)
Batting: LHB Vicente Gomillion 0-0: Ball
1-0: Foul Ball, location: 2F
1-1: Ground out 4-3 (Groundball, 4, EV 81.2 MPH)
An-te-hai Qing scores
Batting: RHB Orlando Velásquez 0-0: Foul Ball, location: 2F
0-1: Ball
1-1: Foul Ball, location: 2F
1-2: Ball
2-2: Foul Ball, location: 2F
2-2: Ground out 6-3 (Groundball, 56D, EV 81.9 MPH)
Batting: LHB Leonid Machehin 0-0: Foul Ball, location: 2F
0-1: Ball
1-1: Fly out, F9 (Line Drive, 9, EV 86.2 MPH)
Top of the 2nd over - 1 run, 1 hit, 0 errors, 0 left on base; Portland 1 - New Orleans 0
BOTTOM OF THE 2ND
New Orleans Voodoo batting - Pitching for Portland Evergreens : RHP Cristián Moreno
Batting: LHB Danny Trautmann 0-0: Foul Ball, location: 2F
0-1: Ball
1-1: SINGLE (Groundball, 34D, EV 95.6 MPH)
Batting: SHB Bren Spillane 0-0: SINGLE (Groundball, 4D, EV 96.9 MPH)
Danny Trautmann to second
Batting: LHB Aurelius Estrada 0-0: Foul Ball, location: 2F
0-1: Fly out, F7 (Line Drive, 7, EV 93.8 MPH)
Batting: LHB Ruud van Ineveld 0-0: SINGLE (Flyball, 78S, EV 91.9 MPH)
Danny Trautmann to third
Bren Spillane to second
Runner from 3rd tries for Home, SAFE, no throw by LF
Batting: LHB Derek Corbin 0-0: Fielders Choice at 2nd, 4-6 (Groundball, 34, EV 83.8 MPH)
Bren Spillane to third
Batting: SHB Jasper Morrison 0-0: Fly out, F6 (Popup, 6M, EV 68.1 MPH)
Bottom of the 2nd over - 1 run, 3 hits, 0 errors, 2 left on base; Portland 1 - New Orleans 1
TOP OF THE 3RD
Portland Evergreens batting - Pitching for New Orleans Voodoo : RHP Sjoerd Reynoud
Batting: RHB Orlando Samundio 0-0: Ground out U3 (Groundball, 3, EV 82.5 MPH)
Batting: LHB John Ennis 0-0: Called Strike
0-1: SINGLE (Groundball, 5D, EV 108.1 MPH)
Batting: LHB Fernando Soto 0-0: Called Strike
0-1: Ball
1-1: Fielders Choice at 2nd, 4-6 (Groundball, 4, EV 106.2 MPH)
Batting: RHB Kameron Guangorena 0-0: Ball
1-0: Called Strike
1-1: Foul Ball, location: 2F
1-2: Ball
2-2: Fly out, F8 (Flyball, 8RM, EV 96.9 MPH)
Top of the 3rd over - 0 runs, 1 hit, 0 errors, 1 left on base; Portland 1 - New Orleans 1
BOTTOM OF THE 3RD
New Orleans Voodoo batting - Pitching for Portland Evergreens : RHP Cristián Moreno
Batting: RHB Júlio Sahagún 0-0: Ball
1-0: Foul Ball, location: 2F
1-1: Ball
2-1: Ball
3-1: Ground out 6-3 (Groundball, 6, EV 83.1 MPH)
Batting: LHB Jonathan Gunner 0-0: DOUBLE (Line Drive, 8LXD, EV 102.5 MPH)
Batting: RHB Colm Goodwill 0-0: Ball
1-0: Called Strike
1-1: Foul Ball, location: 2F
1-2: Ground out 5-3 (Groundball, 56S, EV 68.8 MPH)
Jonathan Gunner to third
Batting: LHB Danny Trautmann 0-0: Ground out 3-1 (Groundball, 34, EV 110.6 MPH)
Bottom of the 3rd over - 0 runs, 1 hit, 0 errors, 1 left on base; Portland 1 - New Orleans 1
TOP OF THE 4TH
Portland Evergreens batting - Pitching for New Orleans Voodoo : RHP Sjoerd Reynoud
Batting: SHB Tetsu Matsumoto 0-0: Ball
1-0: Called Strike
1-1: Ground out 3-1 (Groundball, 34, EV 103.1 MPH)
Batting: RHB An-te-hai Qing 0-0: Ground out 4-3 (Groundball, 4S, EV 79.4 MPH)
Batting: LHB Vicente Gomillion 0-0: Ball
1-0: Called Strike
1-1: Ball
2-1: Ball
3-1: Ground out U3 (Groundball, 3S, EV 77.5 MPH)
Top of the 4th over - 0 runs, 0 hits, 0 errors, 0 left on base; Portland 1 - New Orleans 1
BOTTOM OF THE 4TH
New Orleans Voodoo batting - Pitching for Portland Evergreens : RHP Cristián Moreno
Batting: SHB Bren Spillane 0-0: Ball
1-0: DOUBLE (Line Drive, 7LS, EV 95.6 MPH)
Batting: LHB Aurelius Estrada 0-0: Ball
1-0: Ball
2-0: 2-RUN HOME RUN (Flyball, 78XD, EV 100.6 MPH), Distance : 403 ft
Batting: LHB Ruud van Ineveld 0-0: Ball
1-0: Called Strike
1-1: Ball
2-1: SINGLE (Flyball, 78S, EV 92.5 MPH)
Batting: LHB Derek Corbin 0-0: Ball
1-0: Ball
2-0: Ground out 5-3 (Groundball, 56, EV 98.8 MPH)
Ruud van Ineveld to second
Batting: SHB Jasper Morrison 0-0: Swinging Strike
0-1: Foul Ball, location: 2F
0-2: Ball
1-2: Strikes out looking
Batting: RHB Júlio Sahagún 0-0: Called Strike
0-1: Ground out 6-3 (Groundball, 6, EV 83.1 MPH)
Bottom of the 4th over - 2 runs, 3 hits, 0 errors, 1 left on base; Portland 1 - New Orleans 3
TOP OF THE 5TH
Portland Evergreens batting - Pitching for New Orleans Voodoo : RHP Sjoerd Reynoud
Batting: RHB Orlando Velásquez 0-0: Ball
1-0: Ball
2-0: Ball
3-0: Called Strike
3-1: Called Strike
3-2: Strikes out swinging
Batting: LHB Leonid Machehin 0-0: SINGLE (Groundball, 34D, EV 103.1 MPH)
Batting: RHB Orlando Samundio 0-0: Ball
1-0: Fielders Choice at 2nd, 5-4 (Groundball, 5, EV 87.5 MPH)
Batting: RHB Clay Myers 0-0: Called Strike
0-1: SINGLE (Groundball, 4D, EV 96.2 MPH)
Orlando Samundio to second
Runner from 2nd tries for 3rd, SAFE, throw by RF made to third
Batting: LHB Fernando Soto 0-0: Fly out, F8 (Flyball, 89S, EV 79.4 MPH)
Top of the 5th over - 0 runs, 2 hits, 0 errors, 2 left on base; Portland 1 - New Orleans 3
BOTTOM OF THE 5TH
New Orleans Voodoo batting - Pitching for Portland Evergreens : RHP Cristián Moreno
Batting: LHB Jonathan Gunner 0-0: Called Strike
0-1: SINGLE (Groundball, 34D, EV 98.1 MPH)
Batting: RHB Colm Goodwill 0-0: Foul Ball, location: 2F
0-1: Called Strike
0-2: Ball
1-2: Strikes out swinging
Batting: LHB Danny Trautmann 0-0: Ball
1-0: Ball
2-0: Swinging Strike
2-1: SINGLE (Line Drive, 5D, EV 99.4 MPH)
Jonathan Gunner to second
Batting: SHB Bren Spillane 0-0: Called Strike
0-1: Swinging Strike
0-2: Strikes out looking
Batting: LHB Aurelius Estrada 0-0: Called Strike
0-1: Called Strike
0-2: Ball
1-2: SINGLE (Groundball, 5D, EV 95.0 MPH)
Jonathan Gunner to third
Danny Trautmann to second
Runner from 3rd tries for Home, SAFE, throw by LF to home
Batting: LHB Ruud van Ineveld 0-0: SINGLE (Groundball, 6D, EV 95.0 MPH)
Danny Trautmann to third
Aurelius Estrada to second
Runner from 3rd tries for Home, SAFE, throw by CF to home
Pitching: RHP Mark Robinson
Batting: LHB Derek Corbin 0-0: Ball
1-0: Ball
2-0: Foul Ball, location: 2F
2-1: Called Strike
2-2: Fly out, F7 (Flyball, 7LSF, EV 76.9 MPH)
Bottom of the 5th over - 2 runs, 4 hits, 0 errors, 2 left on base; Portland 1 - New Orleans 5
TOP OF THE 6TH
Portland Evergreens batting - Pitching for New Orleans Voodoo : RHP Sjoerd Reynoud
Batting: RHB Kameron Guangorena 0-0: Called Strike
0-1: Ball
1-1: SINGLE (Groundball, 34D, EV 95.0 MPH)
Batting: SHB Tetsu Matsumoto 0-0: Called Strike
0-1: SINGLE (Groundball, 56D, EV 96.9 MPH)
Kameron Guangorena to second
Batting: RHB An-te-hai Qing 0-0: Called Strike
0-1: Swinging Strike
0-2: Strikes out swinging
Batting: LHB Vicente Gomillion 0-0: Called Strike
0-1: Ball
1-1: Ball
2-1: Called Strike
2-2: Ball
3-2: Base on Balls
Kameron Guangorena to third
Tetsu Matsumoto to second
Batting: RHB Orlando Velásquez 0-0: Called Strike
0-1: Foul Ball, location: 2F
0-2: Grounds into fielders choice 1-2 (Groundball, 13S, EV 75.6 MPH)
Tetsu Matsumoto to third
Vicente Gomillion to second
Batting: LHB Leonid Machehin 0-0: Ground out 4-3 (Groundball, 4, EV 92.5 MPH)
Top of the 6th over - 0 runs, 2 hits, 0 errors, 3 left on base; Portland 1 - New Orleans 5
BOTTOM OF THE 6TH
New Orleans Voodoo batting - Pitching for Portland Evergreens : RHP Mark Robinson
Batting: SHB Jasper Morrison 0-0: Ball
1-0: Ball
2-0: Called Strike
2-1: Called Strike
2-2: Strikes out swinging
Batting: RHB Júlio Sahagún 0-0: Ball
1-0: SINGLE (Groundball, 56D, EV 95.0 MPH)
Batting: LHB Jonathan Gunner 0-0: Fly out, F9 (Line Drive, 9, EV 98.8 MPH)
Batting: RHB Colm Goodwill 0-0: Foul Ball, location: 2F
0-1: Ball
1-1: Called Strike
1-2: Foul Ball, location: 2F
1-2: Fly out, F3 (Popup, 3L, EV 76.9 MPH)
Bottom of the 6th over - 0 runs, 1 hit, 0 errors, 1 left on base; Portland 1 - New Orleans 5
TOP OF THE 7TH
Portland Evergreens batting - Pitching for New Orleans Voodoo : RHP Sjoerd Reynoud
Batting: RHB Orlando Samundio 0-0: Ball
1-0: Ball
2-0: Ground out 5-3 (Groundball, 5, EV 96.2 MPH)
Batting: RHB Clay Myers 0-0: Called Strike
0-1: Ball
1-1: Swinging Strike
1-2: Ball
2-2: Ball
3-2: Strikes out looking
Batting: LHB Fernando Soto 0-0: Ball
1-0: Ball
2-0: Ball
3-0: Called Strike
3-1: Called Strike
3-2: Strikes out looking
Top of the 7th over - 0 runs, 0 hits, 0 errors, 0 left on base; Portland 1 - New Orleans 5
BOTTOM OF THE 7TH
New Orleans Voodoo batting - Pitching for Portland Evergreens : RHP Mark Robinson
Batting: LHB Danny Trautmann 0-0: Called Strike
0-1: Called Strike
0-2: Ball
1-2: Ball
2-2: Foul Ball, location: 2F
2-2: Ball
3-2: Base on Balls
Batting: SHB Bren Spillane 0-0: Ball
1-0: SINGLE (Line Drive, 9LS, EV 108.1 MPH)
Danny Trautmann to second
Batting: LHB Aurelius Estrada 0-0: Ball
1-0: Fly out, F8 (Flyball, 89M, EV 91.2 MPH)
Batting: LHB Ruud van Ineveld 0-0: Ball
1-0: Called Strike
1-1: Ball
2-1: Foul Ball, location: 2F
2-2: Foul Ball, location: 2F
2-2: Fly out, F8 (Flyball, 8LD, EV 104.4 MPH)
Batting: LHB Derek Corbin 0-0: Ball
1-0: Ground out 4-3 (Groundball, 4, EV 85.6 MPH)
Bottom of the 7th over - 0 runs, 1 hit, 0 errors, 2 left on base; Portland 1 - New Orleans 5
TOP OF THE 8TH
Portland Evergreens batting - Pitching for New Orleans Voodoo : RHP Sjoerd Reynoud
Batting: RHB Kameron Guangorena 0-0: Ball
1-0: Called Strike
1-1: Ball
2-1: Ground out 5-3 (Groundball, 56, EV 83.8 MPH)
Pitching: RHP Wu-ti Xuan
Batting: SHB Tetsu Matsumoto 0-0: Ball
1-0: Ball
2-0: Fly out, F8 (Flyball, 8RS, EV 94.4 MPH)
Batting: RHB An-te-hai Qing 0-0: Called Strike
0-1: Ball
1-1: Called Strike
1-2: Ball
2-2: Strikes out swinging
Top of the 8th over - 0 runs, 0 hits, 0 errors, 0 left on base; Portland 1 - New Orleans 5
BOTTOM OF THE 8TH
New Orleans Voodoo batting - Pitching for Portland Evergreens : RHP Mark Robinson
Batting: SHB Jasper Morrison 0-0: Ball
1-0: Ball
2-0: Called Strike
2-1: Ball
3-1: Called Strike
3-2: Foul Ball, location: 2F
3-2: Foul Ball, location: 2F
3-2: Ground out 4-3 (Groundball, 4S, EV 82.5 MPH)
Batting: RHB Júlio Sahagún 0-0: Ball
1-0: Ball
2-0: Ground out 5-3 (Groundball, 56, EV 91.9 MPH)
Batting: LHB Jonathan Gunner 0-0: Ground out 5-3 (Groundball, 5, EV 104.4 MPH)
Bottom of the 8th over - 0 runs, 0 hits, 0 errors, 0 left on base; Portland 1 - New Orleans 5
TOP OF THE 9TH
Portland Evergreens batting - Pitching for New Orleans Voodoo : RHP Wu-ti Xuan
Pitching: LHP Joe Khokar
Batting: LHB Vicente Gomillion 0-0: Called Strike
0-1: Ball
1-1: Foul Ball, location: 2F
1-2: Ball
2-2: Ball
3-2: Foul Ball, location: 2F
3-2: Base on Balls
Batting: RHB Orlando Velásquez 0-0: Ball
1-0: Ball
2-0: Ball
3-0: Foul Ball, location: 2F
3-1: Called Strike
3-2: Strikes out swinging
Batting: LHB Leonid Machehin 0-0: Called Strike
0-1: Called Strike
0-2: Ball
1-2: Ball
2-2: Foul Ball, location: 2F
2-2: Fly out, F7 (Flyball, 7D, EV 101.9 MPH)
Batting: RHB Orlando Samundio 0-0: Ball
1-0: Ball
2-0: Ground out 4-3 (Groundball, 4, EV 81.2 MPH)
Top of the 9th over - 0 runs, 0 hits, 0 errors, 1 left on base; Portland 1 - New Orleans 5
Tuesday, January 5th, 2021 - OOTP Baseball 20.8 Build 74